AoeStats
← 刘宇航

Arabia

507322321Analyzed
2v2 RM · 13d ago on Sep 17, 2026· 70m 33s· 4 players
Game mode
Random Map
Map size
Medium (4 player)
Population
200
Speed
Normal
Resources
Standard
Victory
Conquest
Starting age
Dark Age
Ending age
Imperial Age
RankedLock teamsTeams togetherTeam positionsShared explorationLock speedFull tech treeHidden civsTurbo modeCheats
Victory
Defeat
🇨🇳 Huns · China
661
+11
🇨🇳 Saracens · China
586
+14
🇪🇸 Byzantines · Spain
568
-13
🇨🇴 Berbers · Colombia
528
-12
Imper
10:22 Feudal Age
9:36 Loom
11:55 Wheelbarrow
13:17 Man-at-Arms
15:20 Arson
15:43 Gold Mining
16:50 Double-Bit Axe
16:52 Horse Collar
19:45 Padded Archer Armor
20:48 Fletching
27:30 Castle Age
26:39 Forging
28:38 Bow Saw
28:38 Scale Barding Armor
33:53 Chain Barding Armor
34:09 Iron Casting
33:00 Pikeman
33:40 Squires
34:40 Scale Mail Armor
35:19 Gold Shaft Mining
39:16 Imperial Age
39:07 Chain Mail Armor
43:49 Conscription
44:46 Plate Barding Armor
44:45 Plate Mail Armor
47:10 Hoardings
46:33 Murder Holes
47:00 Ballistics
47:14 Treadmill Crane
48:02 Hand Cart
48:32 Heavy Plow
50:16 Two-Man Saw
50:25 Halberdier
SLOW SELINE1975
11:02 Feudal Age
11:26 Horse Collar
11:37 Double-Bit Axe
26:40 Man-at-Arms
33:26 Castle Age
33:57 Pikeman
34:38 Squires
39:10 Imperial Age
37:16 Wheelbarrow
36:27 Town Watch
37:42 Kasbah
40:41 Imperial Age
38:47 Wheelbarrow
39:56 Town Patrol
45:30 Hand Cart
1765391552
12:23 Feudal Age
16:26 Castle Age
18:44 Husbandry
31:57 Gold Mining
31:58 Stone Mining
31:58 Double-Bit Axe
33:40 Gold Shaft Mining
33:30 Bow Saw
33:08 Loom
33:59 Wheelbarrow
33:10 Town Watch
42:38 Imperial Age
40:25 Hand Cart
40:13 Town Patrol
40:52 Elite Skirmisher
43:07 Scale Barding Armor
43:15 Forging
42:56 Fletching
43:07 Padded Archer Armor
44:06 Conscription
46:13 Cavalier
48:37 Chain Barding Armor
48:18 Scale Mail Armor
48:54 Iron Casting
48:15 Bodkin Arrow
48:36 Leather Archer Armor
48:34 Pikeman
49:15 Squires
49:01 Arson
50:36 Halberdier
51:39 Paladin
65:41 Spies/Treason
刘宇航
12:51 Feudal Age
16:07 Double-Bit Axe
18:49 Castle Age
16:56 Gold Mining
17:25 Horse Collar
18:18 Forging
18:46 Scale Barding Armor
19:19 Bloodlines
26:30 Husbandry
35:34 Heavy Plow
35:46 Bow Saw
36:49 Chain Barding Armor
37:05 Iron Casting
36:30 Scale Mail Armor
39:35 Imperial Age
39:41 Imperial Age
40:11 Bimaristan
40:11 Elite Mameluke
42:05 Elite Mameluke
46:33 Blast Furnace
45:49 Chain Mail Armor
46:10 Plate Barding Armor
46:00 Conscription
47:00 Wheelbarrow
46:10 Loom
51:20 Counterweights
Connection lost

Rejoining the realm…

Still unreachable

The connection could not be restored.

Session expired

The server has moved on; the page needs a fresh start.